 Dungeon Crawl Stone Soup version 0.18.1-48-g4cf74bf (webtiles) character file.

129 RickumRackum the Insei (level 4, -2/35 HPs)
             Began as a Vampire Monk on Aug 22, 2016.
             Slain by Purgy (8 damage)
             ... on level 3 of the Dungeon.
             The game lasted 00:17:52 (2205 turns).

RickumRackum the Insei (Vampire Monk)               Turns: 2205, Time: 00:17:53

Health: -2/35      AC:  2    Str:  7 (10) XL:     4   Next: 88%
Magic:  4/4        EV: 14    Int: 11 (12) God:
Gold:   125        SH:  0    Dex: 15 (17) Spells: 0 memorised, 3 levels left

rFire  . . .     SeeInvis +       - Unarmed
rCold  . . .     Gourm    .     a - +0 robe
rNeg   + . .     Faith    .     (no shield)
rPois  .         Spirit   .     (no helmet)
rElec  .         Dismiss  .     (no cloak)
rCorr  +         Reflect  .     (no gloves)
SustAt +         Harm     .     (no boots)
MR     .....                    (no amulet)
Stlth  +++.......               g - ring of sustain attributes
                                c - ring of resist corrosion

@: not resistant to hostile enchantments, fairly stealthy
A: fangs 3, see invisible, unbreathing
a: Bat Form


You were on level 3 of the Dungeon.
You were not thirsty.

You visited 1 branch of the dungeon, and saw 4 of its levels.

You collected 125 gold pieces.

Inventory:

Missiles
 e - 71 stones (quivered)
Armour
 a - a +0 robe (worn)
Jewellery
 c - a ring of resist corrosion (left hand)
 g - a ring of sustain attributes (right hand)
Scrolls
 d - a scroll of identify
 f - a scroll of remove curse {unknown}
 h - a scroll of amnesia {unknown}
Potions
 b - 15 potions of blood


   Skills:
 + Level 3.4 Fighting
 * Level 4.5 Dodging
 + Level 4.4 Stealth
 + Level 4.9 Unarmed Combat


You had 3 spell levels left.
You didn't know any spells.

Dungeon Overview and Level Annotations

Branches:
Dungeon (4/15)
 Temple: D:4-7

Altars:
Fedhas
Gozag
Yredelemnul
Zin

Annotations:
D:3 Purgy


Innate Abilities, Weirdness & Mutations

You have razor-sharp teeth.
You have supernaturally acute eyesight.
You can survive without breathing.


Message History

* * * LOW HITPOINT WARNING * * *
Purgy claws you but does no damage. Purgy closely misses you.
You open the door. Purgy barely misses you. Purgy closely misses you.
Purgy completely misses you.
There is an open door here.
There is a stone staircase leading down here.
Purgy barely misses you. Purgy claws you but does no damage.
Purgy closely misses you.
You climb downwards.
There is a stone staircase leading up here.
You can't go down here!
Purgy bites you.
* * * LOW HITPOINT WARNING * * *
Purgy barely misses you. x2
You climb upwards.
There is a stone staircase leading down here.
Purgy closely misses you. x2; Purgy completely misses you.
You see here 15 stones.
Purgy bites you!
You die...

#....######...###
#.(..#....[.....#
####+#####....#..........#
#.......##....#..........#
#.......##....'.>........+
........###...#..........#
#.......###...#.........(+
######..[.#...#.T(.......#
#....#...#.@........#
#....#..[#..........#
#...†...............#
#...................#
#............?##...##
#.............# ...#
...........###### ...#
............#
#............#


You could see Purgy.

Vanquished Creatures
  3 gnolls (D:2)
  4 adders (D:2)
  An ooze (D:1)
  3 worms
  2 dart slugs
  5 bats
  4 giant cockroaches
  5 goblins
  5 hobgoblins
  4 jackals (D:1)
  4 kobolds
  A quokka (D:2)
  3 giant newts
  4 rats
48 creatures vanquished.

Vanquished Creatures (others)
  A giant gecko (D:1)
1 creature vanquished.

Grand Total: 49 creatures vanquished

Notes
Turn   | Place    | Note
--------------------------------------------------------------
     0 | D:1      | RickumRackum the Vampire Monk began the quest for the Orb.
     0 | D:1      | Reached XP level 1. HP: 17/17 MP: 1/1
    61 | D:1      | Reached XP level 2. HP: 20/23 MP: 2/2
   544 | D:1      | Reached XP level 3. HP: 28/28 MP: 3/3
   747 | D:2      | Found a basalt altar of Yredelemnul.
  1471 | D:2      | Reached XP level 4. HP: 35/35 MP: 4/4
  1704 | D:2      | Found a glowing silver altar of Zin.
  1882 | D:2      | Found a blossoming altar of Fedhas.
  2024 | D:2      | Found an opulent altar of Gozag.
  2167 | D:3      | Noticed Purgy
  2205 | D:3      | Slain by Purgy

Skill      XL: |  1  2  3 |
---------------+----------+-----
Fighting       | 3 |  3.4
Dodging        | 4 |  4.5
Stealth        | 4 |  4.4
Unarmed Combat | |  4.9

Action                   |  1- 3 |  4- 6 || total
-------------------------+-------+-------++-------
Melee: Unarmed           |   109 |    64 ||   173
       Bite              |    10 |     7 ||    17
       Punch             |       |     1 ||     1
 Abil: End Transformatio |     1 |       ||     1
       Bat Form          |     1 |       ||     1
  Use: Potion            |     4 |     3 ||     7
       Scroll            |     2 |     1 ||     3
 Stab: Sleeping          |     6 |     5 ||    11
       Distracted        |     1 |       ||     1
       Invisible         |     4 |     2 ||     6
  Eat: Corpse            |       |     1 ||     1
Armor: Robe              |     9 |     8 ||    17
Dodge: Dodged            |    63 |    52 ||   115
